 Dungeon Crawl Stone Soup version 0.26-a0-612-gd4d190f (webtiles) character file.

Game seed: 10883813118289905888

270 Hazorath the Ruffian (level 6, -1/60 HPs)
             Began as a Kobold Fighter on Sept 9, 2020.
             Slain by a centaur (6 damage)
             ... on level 4 of the Dungeon.
             The game lasted 00:06:19 (3379 turns).

Hazorath the Ruffian (Kobold Fighter)               Turns: 3379, Time: 00:06:20

Health: -1/60      AC:  9    Str: 16    XL:     6   Next: 46%
Magic:  6/6        EV:  8    Int:  9    God:
Gold:   101        SH:  9    Dex: 14    Spells: 5/5 levels left

rFire    . . .     SeeInvis .     - Unarmed
rCold    . . .     Faith    .   b - +0 kite shield
rNeg     . . .     Spirit   .   a - +0 scale mail
rPois    .         Reflect  .   (no helmet)
rElec    .         Harm     .   (no cloak)
rCorr    .                      (no gloves)
MR       .....                  k - +2 pair of boots {run}
Stlth    ..........             (no amulet)
HPRegen  0.20/turn              (no ring)
MPRegen  0.10/turn              (no ring)

@: berserking (expiring), very quick
A: small, nightstalker 3
a: no special abilities


You were on level 4 of the Dungeon.
You visited 1 branch of the dungeon, and saw 4 of its levels.

You collected 101 gold pieces.

Inventory:

Missiles
 j - 39 bolts
Armour
 a - a +0 scale mail (worn)
 b - a +0 kite shield (worn)
 k - a +2 pair of boots of running (worn)
Jewellery
 c - an uncursed ring of poison resistance {unknown}
 n - an uncursed amulet of faith
Potions
 d - 3 potions of curing
 f - a potion of flight
 g - a potion of stabbing
 h - 2 potions of lignification {unknown}
 i - 2 potions of brilliance {unknown}
 l - a potion of heal wounds {unknown}
 m - a potion of might


   Skills:
 + Level 5.0 Fighting
 - Level 2.4 Armour
 - Level 2.4 Shields
 * Level 5.3 Unarmed Combat


You had 5 spell levels left.
You didn't know any spells.
Your spell library was empty.

Dungeon Overview and Level Annotations

Branches:
Dungeon (4/15)
 Temple: D:4-7

Altars:
Uskayaw
Yredelemnul


Innate Abilities, Weirdness & Mutations

You are small and have problems with some larger weapons.
You are completely attuned to the shadows.


Message History

The iguana bites you but does no damage.
You hit the iguana.
The iguana is almost dead.
You hit the iguana.
You kill the iguana!
Your Fighting skill increases to level 5!
The centaur shoots an arrow.
The arrow hits you.
* * * LOW HITPOINT WARNING * * *
The centaur shoots an arrow.
The arrow misses you.
You feel a strong urge to attack something.
The centaur unwields a +0 shortbow.
The centaur closely misses you.
You closely miss the centaur.
The centaur is heavily wounded.
You closely miss the centaur.
The centaur is heavily wounded.
The centaur closely misses you.
You closely miss the centaur.
The centaur is heavily wounded.
The centaur hits you.
You die...

#...............#
#...............#
#...............#.#
...................#
..................##
........#....(....#
###(#.(##. ##...###
...>@..# #.##c#....
>. #.#.... ..#....
........#....
..........
..........
...........
............


You could see a centaur.

Vanquished Creatures
  An orc wizard (D:3)
  An orc priest (D:3)
  An iguana (D:4)
  Natasha (twice) (D:3)
  A worker ant (D:3)
  Robin (D:3)
  2 adders (D:2)
  An ooze (D:4)
  2 worms (D:2)
  3 dart slugs
  2 leopard geckos (D:2)
  3 orcs (D:3)
  2 giant cockroaches
  17 goblins
  9 hobgoblins
  A quokka (D:3)
  A ball python (D:2)
  4 bats
  3 frilled lizards
  6 kobolds
  3 rats
66 creatures vanquished.

Notes
Turn   | Place    | Note
-------+----------+-------------------------------------------
     0 | D:1      | Hazorath the Kobold Fighter began the quest for the Orb.
     0 | D:1      | Reached XP level 1. HP: 14/14 MP: 1/1
   311 | D:1      | Reached XP level 2. HP: 15/19 MP: 2/2
   862 | D:2      | Reached XP level 3. HP: 23/24 MP: 3/3
  1262 | D:2      | Found a hide-covered altar of Uskayaw.
  1366 | D:2      | Reached XP level 4. HP: 27/29 MP: 4/4
  1975 | D:3      | Noticed Robin
  1993 | D:3      | Killed Robin
  2198 | D:3      | Noticed Natasha
  2212 | D:3      | Killed Natasha
  2212 | D:3      | Reached XP level 5. HP: 20/34 MP: 5/5
  2353 | D:3      | Found a basalt altar of Yredelemnul.
  2422 | D:3      | Identified a +2 pair of boots of running (You found it on
                  | level 3 of the Dungeon)
  2598 | D:3      | Noticed Natasha
  2811 | D:3      | Killed Natasha
  2811 | D:3      | Reached XP level 6. HP: 19/40 MP: 6/6
  3230 | D:3      | Reached skill level 5 in Unarmed Combat
  3374 | D:4      | Reached skill level 5 in Fighting
  3379 | D:4      | Slain by a centaur

Illustrated notes

Levels and vault maps discovered:
D:1:      grunt_arrival_lava_bath, layout_rooms, minmay_tree_intersection
D:2:      layout_rooms, eat_drink_and_be_merry_uskayaw, minmay_misc_feat_roman,
          minmay_misc_feat_hallway
D:3:      layout_loops_ring, lemuel_crystal_altar, uniq_natasha, uniq_robin
D:4:      layout_rooms, nicolae_qazlal_general_emergency, temple_green,
          minmay_manual_moon, uniq_edmund

Skill      XL: |  1  2  3  4  5  6 |
---------------+-------------------+-----
Unarmed Combat | 3 4 5 |  5.3
Fighting       | 4 5 |  5.0
Armour         | |  2.4
Shields        | |  2.4

Action                   |  1- 3 |  4- 6 || total
-------------------------+-------+-------++-------
Melee: Unarmed           |   142 |   188 ||   330
  Use: Scroll            |     4 |     5 ||     9
       Potion            |       |     2 ||     2
Armor: Scale mail        |    39 |    67 ||   106
Dodge: Dodged            |    35 |    57 ||    92
Block: Kite shield       |    60 |    75 ||   135

Table legend: (Time is in decaauts)
 A = Elapsed time spent in this place.
 B = Non-inter-level travel time spent in this place.
 C = Inter-level travel time spent in this place.
 D = Time resting spent in this place.
 E = Time spent auto-exploring this place.
 F = Levels seen in this place.
 G = Mean time per level.
                   A        B        C        D        E       F      G
               +--------+--------+--------+--------+--------+-----+--------+
         Total |   3341 |   3275 |     66 |   1325 |   1383 |   4 |  835.2 |
       Dungeon |   3341 |   3275 |     66 |   1325 |   1383 |   4 |  835.2 |
               +--------+--------+--------+--------+--------+-----+--------+

Top non-repeatable levels by time:
     D:3: 1466 daAuts
     D:2: 1175 daAuts
     D:1: 641 daAuts
     D:4: 57 daAuts
